 Dungeon Crawl Stone Soup version 0.20.1-1-g8b1a95d (webtiles) character file.

366 digijack the Digger (level 6, -4/37 HPs)
             Began as a Gargoyle Earth Elementalist on Dec 4, 2017.
             Killed from afar by an orc wizard (8 damage)
             ... with a magic dart
             ... on level 4 of the Dungeon on Dec 6, 2017.
             The game lasted 00:23:46 (3948 turns).

digijack the Digger (Gargoyle Earth Elementalist)   Turns: 3948, Time: 00:23:46

Health: -4/37      AC:  7    Str: 11    XL:     6   Next: 68%
Magic:  3/10       EV: 12    Int: 18    God:
Gold:   323        SH:  0    Dex: 10    Spells: 3/11 levels left

rFire    . . .     SeeInvis .   (no weapon)
rCold    . . .     Gourm    .   (no shield)
rNeg     + . .     Faith    .   c - +1 robe
rPois    ∞         Spirit   .   (no helmet)
rElec    +         Reflect  .   (no cloak)
rCorr    .         Harm     .   (no gloves)
MR       .....                  (no boots)
Stlth    +++.......             (no amulet)
Regen    0.2/turn               (no ring)
MPRegen  0.2/turn               (no ring)

@: very slightly contaminated
A: negative energy resistance 1, electricity resistance, unbreathing,
petrification resistance, rot immunity, AC +4
a: no special abilities


You were on level 4 of the Dungeon.
You were not hungry.

You visited 1 branch of the dungeon, and saw 4 of its levels.

You collected 323 gold pieces.

Inventory:

Missiles
 b - 62 stones (quivered)
Armour
 c - a +1 robe (worn)
Scrolls
 f - 2 scrolls of amnesia
 g - 5 scrolls of remove curse
 h - 3 scrolls of identify
 j - a scroll of recharging
 l - a scroll of teleportation
Books
 e - a book of Geomancy

   Spells                             Type                      Level
   a - Sandblast                      Earth                        1
   b - Passwall                       Transmutation/Earth          2
   c - Stone Arrow                    Conjuration/Earth            3
   d - Petrify                        Transmutation/Earth          4
   e - Lee's Rapid Deconstruction     Earth                        5
Comestibles
 a - 3 chunks of flesh
 d - 3 meat rations
 i - a royal jelly
 k - 2 bread rations


   Skills:
 + Level 3.4 Fighting
 - Level 1.5 Dodging
 + Level 4.8 Stealth
 + Level 3.3 Spellcasting
 - Level 0.7 Transmutations
 + Level 5.2 Earth Magic


You had 3 spell levels left.
You knew the following spells:

 Your Spells              Type           Power        Failure   Level  Hunger
a - Sandblast             Erth           ###...       1%          1    None
b - Stone Arrow           Conj/Erth      ##....       16%         3    ###....
c - Petrify               Tmut/Erth      ##......     43%         4    ####...


Dungeon Overview and Level Annotations

Branches:
Dungeon (4/15)
 Temple: D:4-7

Altars:


Innate Abilities, Weirdness & Mutations

You are resistant to torment.
Your stone body is resilient. (AC +4)
You are immune to poison.
You resist negative energy. (rN+)
You are resistant to electric shocks. (rElec)
You can survive without breathing.
You are immune to petrification.
You are immune to rotting.


Message History

The orc closely misses you. The orc priest barely misses you.
The orc wizard hits you but does no damage.
The orc hits you with a war axe!
The orc priest hits you but does no damage.
The orc wizard hits you but does no damage.
The orc priest closely misses you. The orc hits you with a war axe.
The orc wizard hits you but does no damage.
The orc priest hits you. The orc hits you with a war axe!
* * * LOW HITPOINT WARNING * * *
The orc wizard gestures at you while chanting.
The magic dart hits you!
* * * LOW HITPOINT WARNING * * *
The orc priest barely misses you. The orc hits you but does no damage.
The orc wizard hits you but does no damage.
The orc priest hits you but does no damage.
The orc wizard points at you and mumbles some strange words.
The magic dart hits you!
You die...

##....######.....#
##....#### #.....#
#.......# #.....#
#....##.###.....#
#...............#
##.#####.####....#
...# # #....# ####
+...o####.#
#...@oo...#
#...o#.####
#....#.# #....# #
#..... #....##
######


You could see an orc priest, an orc wizard and 2 orcs.

Vanquished Creatures
  2 orc wizards (D:3)
  2 hounds
  Terence (D:2)
  An iguana (D:4)
  A worker ant (D:4)
  7 adders
  A gnoll (D:1)
  An ooze (D:3)
  5 worms
  2 dart slugs (D:2)
  2 leopard geckos (D:2)
  4 orcs
  A giant cockroach (D:2)
  9 hobgoblins
  8 jackals (D:1)
  4 kobolds
  A quokka (D:4)
  2 ball pythons (D:2)
  5 bats
  8 frilled lizards
  11 goblins
  6 rats
84 creatures vanquished.

Notes
Turn   | Place    | Note
-------+----------+-------------------------------------------
     0 | D:1      | digijack the Gargoyle Earth Elementalist began the quest for the Orb.
     0 | D:1      | Reached XP level 1. HP: 10/10 MP: 3/3
    48 | D:1      | Reached XP level 2. HP: 16/16 MP: 0/5
   176 | D:1      | Reached skill level 4 in Earth Magic
   425 | D:1      | Reached XP level 3. HP: 20/20 MP: 4/6
   434 | D:1      | Learned a level 3 spell: Stone Arrow
   715 | D:1      | Reached skill level 1 in Fighting
  1003 | D:2      | Noticed Terence
  1099 | D:2      | Killed Terence
  1099 | D:2      | Reached XP level 4. HP: 11/26 MP: 0/7
  1882 | D:2      | Learned a level 4 spell: Petrify
  2004 | D:2      | Reached XP level 5. HP: 30/31 MP: 0/9
  2658 | D:3      | HP: 1/32 [orc wizard/dagger (2)]
  2659 | D:3      | Reached XP level 6. HP: 1/37 MP: 0/10
  3258 | D:3      | Reached skill level 5 in Earth Magic
  3542 | D:4      | HP: 1/37 [orc priest/divine providence (16)]
  3948 | D:4      | Killed from afar by an orc wizard

Skill      XL: |  1  2  3  4  5  6 |
---------------+-------------------+-----
Earth Magic    | 4 5 |  5.2
Stealth        | 3 4 |  4.8
Fighting       | 2 3 |  3.4
Spellcasting   | 3 |  3.3
Dodging        | |  1.5
Transmutations | |  0.7

Action                   |  1- 3 |  4- 6 || total
-------------------------+-------+-------++-------
Melee: Unarmed           |    51 |    87 ||   138
 Cast: Sandblast         |    54 |    83 ||   137
       Stone Arrow       |       |     9 ||     9
  Use: Scroll            |     7 |     5 ||    12
       Potion            |     1 |     4 ||     5
  Eat: Chunk             |     1 |     5 ||     6
       Royal jelly       |       |     1 ||     1
       Bread ration      |       |     1 ||     1
Armor: Robe              |    22 |    40 ||    62
Dodge: Dodged            |    42 |    81 ||   123
